 Dungeon Crawl Stone Soup version 0.25-a0-781-gc44aebf4fe (webtiles) character file.

Game seed: 15980051398768119898, levelgen mode: deterministic

45405 MisterFreud the Spry (level 14, -6/109 HPs)
             Began as a Felid Berserker on Apr 14, 2020.
             Was the Champion of Trog.
             Mangled by a black mamba (20 damage)
             ... on level 1 of the Snake Pit on Apr 15, 2020.
             The game lasted 01:01:50 (34590 turns).

MisterFreud the Spry (Felid Berserker)             Turns: 34590, Time: 01:01:50

Health: -6/109     AC:  3    Str: 13    XL:     14   Next: 1%
Magic:  22/22      EV: 36    Int: 11    God:    Trog [******]
Gold:   1629       SH:  0    Dex: 20    Spells: 13/13 levels left
                                        Lives:  0   Deaths: 3

rFire    . . .     SeeInvis +     - Unarmed
rCold    + . .     Gourm    .   (shield unavailable)
rNeg     . . .     Faith    .   (armour unavailable)
rPois    +         Spirit   .   (helmet unavailable)
rElec    .         Reflect  .   (cloak unavailable)
rCorr    .         Harm     .   (gloves unavailable)
MR       ++++.                  (boots unavailable)
Stlth    ..........             (no amulet)
HPRegen  1.28/turn              o - ring of poison resistance
MPRegen  0.18/turn              y - ring of stealth

@: berserking, regenerating, very quick
A: very small, no armour, no weapons or thrown items, stealth, claws 1, fangs 3,
see invisible, carnivore, speed 1, shaggy fur 3, slow metabolism 1, sharp paws
a: Berserk, Trog's Hand, Brothers in Arms, Renounce Religion


You were on level 1 of the Snake Pit.
You worshipped Trog.
Trog was exalted by your worship.
You were not hungry.

You visited 4 branches of the dungeon, and saw 24 of its levels.

You collected 2877 gold pieces.
You spent 1248 gold pieces at shops.

Inventory:

Jewellery
 g - an uncursed ring of flight
 o - a ring of poison resistance (left paw)
 x - an uncursed ring of ice
 y - a ring of stealth (right paw)
 D - an uncursed ring of resist corrosion
 L - a +1 ring of protection
 M - an uncursed ring of protection from fire
 N - an uncursed ring of wizardry
Wands
 h - a wand of iceblast (8)
 m - a wand of acid (9)
 v - a wand of random effects (17)
 w - a wand of flame (49)
 A - a wand of enslavement (7)
 C - a wand of polymorph (7)
 I - a wand of disintegration (14)
Scrolls
 b - a scroll of identify
 d - 5 scrolls of blinking
 f - 12 scrolls of teleportation
 j - 10 scrolls of remove curse
 n - 3 scrolls of fog
 p - 2 scrolls of vulnerability
 u - a scroll of magic mapping
 z - a scroll of summoning
 E - 2 scrolls of holy word
 J - 2 scrolls of fear
Potions
 c - 4 potions of invisibility
 e - 6 potions of might
 i - 4 potions of heal wounds
 k - 3 potions of flight
 l - 2 potions of resistance
 q - 3 potions of stabbing
 r - 7 potions of haste
 s - 13 potions of curing
 t - 3 potions of magic
 B - 4 potions of ambrosia
 H - 3 potions of brilliance
 O - a potion of lignification
 P - a potion of mutation
Miscellaneous
 F - 2 tins of tremorstones
 G - a box of beasts
 K - a phantom mirror
Comestibles
 a - 51 rations


   Skills:
 - Level 15.0 Fighting
 + Level 20.2 Dodging
 - Level 10.0 Stealth
 - Level 15.0 Unarmed Combat
 - Level 10.0 Evocations


You had 13 spell levels left.
You didn't know any spells.
Your spell library was empty.

Dungeon Overview and Level Annotations

Branches:
Dungeon (15/15)            Temple (0/1) D:7            Lair (6/6) D:9
 Shoals (0/4) Lair:2        Snake (1/4) Lair:3        Slime (0/5) Lair:6
    Orc (2/2) D:10            Elf (0/3) Orc:2        Vaults (0/5) D:13
 Depths (0/5) D:15

Altars:
Ashenzari
Cheibriados
Elyvilon
Gozag
Hepliaklqana
Kikubaaqudgha
Makhleb
Okawaru
Qazlal
Ru
Uskayaw
Vehumet
Xom
Zin
Beogh
Jiyva

Shops:
D:7 }   D:8 (   Orc:2 (*!!:

Annotations:
D:7 2 transporters, MackTheKnife's ghost, novice OpBe
D:10 4 runed translucent doors
D:11 2 transporters, Stelteck's ghost, journeyman DrCj
D:13 2 transporters
Lair:4 3 runed translucent doors, DrMuscles's ghost, journeyman MiBe


Innate Abilities, Weirdness & Mutations

You cannot wear armour.
You are incapable of wielding weapons or throwing items.
Your paws allow you to move quietly. (Stealth)
You have sharp claws.
You have razor-sharp teeth.
You have supernaturally acute eyesight. (SInv)
You are carnivorous and can eat meat at any time.
You cover ground quickly.
Your thick and shaggy fur keeps you warm. (AC +3, rC+)
You have a slow metabolism.
Your sharp claws are effective at attacking unaware monsters.


Message History

The black mamba is lightly wounded.
The black mamba completely misses you.
You closely miss the black mamba.
You bite the black mamba, but do no damage.
The black mamba is lightly wounded.
The black mamba completely misses you.
You claw the black mamba! You claw the black mamba.
The black mamba is heavily wounded.
The black mamba completely misses you. The black mamba bites you!!
* * * LOW HITPOINT WARNING * * *
You closely miss the black mamba.
The black mamba is heavily wounded.
The black mamba bites you.
* * * LOW HITPOINT WARNING * * *
Your skin crawls.
You feel resistant to hostile enchantments.
You feel somewhat less full.
The black mamba completely misses you. x2
A red film seems to cover your vision as you go berserk!
You feel yourself moving faster!
You feel mighty! The black mamba bites you!!
You die...

......#..>#... ...#....<.....
#........).. ####..###### #..#
########### #..######
###....#....# #..#..#..#
##..#........## #..#......
##........@S...##.......... ..
##....####################.. #..
#....## ##. #..#...##
################## ## ##....##
##...#..#.........##
#......###.........N.....#..##
#..#.#...#.....#...#...#...##.##
#....####.....####..########....#
..#.# ##....## #..# ##....


You could see a black mamba.

Vanquished Creatures
  Jorgrun (Snake:1)
  Frances (D:13)
  An orc warlord (Orc:1)
  Nessos (Orc:2)
  Snorg (D:11)
  Josephine (D:14)
  Fannar (Lair:2)
  Erolcha (D:11)
  4 vault guards
  A rakshasa (D:14)
  2 hydras
  2 naga warriors (Snake:1)
  4 catoblepae (Lair:6)
  7 two-headed ogres
  An anaconda (Snake:1)
  12 death yaks
  An ogre mage (D:15)
  3 orc high priests
  Urug (Lair:3)
  2 shock serpents (Snake:1)
  A fire crab (Lair:5)
  A salamander mystic (Snake:1)
  5 skeletal warriors
  A flayed ghost (D:14)
  4 unseen horrors
  Pikel (D:4)
  A wizard (D:15)
  5 orc knights
  2 orc sorcerers (Orc:2)
  4 deep elf magi
  13 ugly things
  6 cyclopes
  5 manticores
  7 elephants
  3 naga magi
  2 black mambas
  2 torpor snails (Lair:5)
  4 spiny frogs
  2 efreet
  7 komodo dragons
  9 trolls
  A hornet (D:13)
  2 polar bears
  7 dream sheep
  9 blink frogs
  19 hippogriffs
  A shadow (D:15)
  A tarantella (shapeshifter) (D:12)
  5 wraiths (D:14)
  6 water elementals
  45 yaks
  3 wyverns
  3 basilisks
  5 hungry ghosts
  10 vampire mosquitoes
  3 wargs
  7 nagas
  3 acid dragons
  8 porcupines
  16 water moccasins
  36 orc warriors
  4 sky beasts
  2 necrophages
  4 ice beasts
  2 black bears
  An eye of draining (D:12)
  18 ogres
  A phantom (D:12)
  6 wolves
  21 centaurs
  14 crocodiles
  2 big kobolds
  A wyvern zombie (D:14)
  23 bullfrogs
  5 scorpions
  A wyvern skeleton (D:12)
  25 killer bees
  8 wights
  3 howler monkeys
  9 electric eels
  8 crimson imps
  3 jellies
  9 hounds
  8 centaur zombies
  43 orc wizards
  36 orc priests
  3 bullfrog skeletons
  6 centaur skeletons
  Crazy Yiuf (D:6)
  5 iguanas
  11 worker ants
  A hound zombie (D:7)
  9 adders
  A howler monkey skeleton (D:6)
  2 shadow imps
  3 oozes
  An adder skeleton (D:7)
  5 worms
  4 dart slugs (D:1)
  5 leopard geckos
  121 orcs
  6 bats
  10 giant cockroaches
  3 goblins
  8 hobgoblins
  11 jackals
  7 quokkas
  2 ball pythons
  A ball python skeleton (D:5)
  4 frilled lizards
  A jackal skeleton (D:8)
  13 kobolds
  A leopard gecko skeleton (D:6)
  5 rats
830 creatures vanquished.

Vanquished Creatures (collateral kills)
  Saint Roka (Orc:1)
  A death yak (Lair:6)
  A manticore (Lair:6)
  A spiny frog (Lair:6)
  Maggie (D:9)
  5 blink frogs (Lair:6)
  Grum (D:9)
  5 yaks (Lair:6)
  3 orc warriors (Orc:1)
  An ogre (Orc:1)
  4 wolves (D:9)
  2 orc priests (Orc:1)
  An orc wizard (Orc:1)
  4 orcs (Orc:1)
31 creatures vanquished.

Vanquished Creatures (others)
  An orc high priest (Orc:2)
  A slave (D:4)
  Menkaure (D:4)
  An iguana (D:12)
  An orc wizard (D:12)
  An adder (D:4)
  An ooze (D:4)
  An orc (Orc:2)
  5 fungi
  4 plants
17 creatures vanquished.

Grand Total: 878 creatures vanquished

Notes
Turn   | Place    | Note
-------+----------+-------------------------------------------
     0 | D:1      | MisterFreud the Felid Berserker began the quest for the
                  | Orb.
     0 | D:1      | Reached XP level 1. HP: 10/10 MP: 2/2
   320 | D:1      | Reached XP level 2. HP: 13/14 MP: 3/3
   924 | D:1      | Reached XP level 3. HP: 16/18 MP: 4/4
  1423 | D:1      | Reached ** piety under Trog
  1702 | D:2      | Found an iron altar of Okawaru.
  1769 | D:2      | Reached XP level 4. HP: 16/22 MP: 5/5
  1965 | D:2      | Reached skill level 5 in Fighting
  2128 | D:3      | Reached skill level 1 in Stealth
  2425 | D:3      | Found a hazy altar of Hepliaklqana.
  2427 | D:3      | Found a snail-covered altar of Cheibriados.
  2427 | D:3      | Found a hide-covered altar of Uskayaw.
  2429 | D:3      | Found a white marble altar of Elyvilon.
  2431 | D:3      | Found a stormy altar of Qazlal.
  2794 | D:3      | Reached XP level 5. HP: 21/26 MP: 6/6
  2801 | D:3      | Reached *** piety under Trog
  3488 | D:4      | Noticed a slave
  3488 | D:4      | Noticed a slave
  3491 | D:4      | Noticed Pikel
  3491 | D:4      | Noticed a slave
  3491 | D:4      | Noticed a slave
  3502 | D:4      | Noticed Menkaure
  3511 | D:4      | Killed Pikel
  3511 | D:4      | Reached skill level 5 in Unarmed Combat
  3511 | D:4      | Gained mutation: You are covered in thick fur. (AC +2)
                  | [Felid growth]
  3511 | D:4      | Reached XP level 6. HP: 14/30 MP: 7/7
  3511 | D:4      | Reached XP level 7. HP: 15/33 MP: 8/8
  3517 | D:4      | Killed Menkaure
  3574 | D:4      | Killed a freed slave
  4040 | D:4      | Found an ancient bone altar of Kikubaaqudgha.
  4048 | D:5      | Entered Level 5 of the Dungeon
  4342 | D:4      | Reached skill level 5 in Dodging
  4822 | D:5      | Reached XP level 8. HP: 37/37 MP: 9/9
  5044 | D:5      | Reached skill level 6 in Dodging
  5452 | D:6      | Reached skill level 7 in Dodging
  5515 | D:6      | Noticed a hippogriff
  5526 | D:6      | Killed a hippogriff
  5801 | D:6      | Reached skill level 8 in Dodging
  6013 | D:6      | Reached XP level 9. HP: 41/41 MP: 10/10
  6046 | D:6      | Found a radiant altar of Vehumet.
  6191 | D:6      | Found a shimmering altar of Xom.
  6587 | D:6      | Found a runed translucent door.
  6588 | D:6      | Noticed Crazy Yiuf
  6600 | D:6      | Killed Crazy Yiuf
  6691 | D:7      | Reached **** piety under Trog
  6867 | D:7      | Found a staircase to the Ecumenical Temple.
  6874 | D:7      | Found Xipn's Gadget Emporium.
  6889 | D:7      | Reached skill level 9 in Dodging
  7155 | D:7      | Bought a wand of iceblast (11) for 210 gold pieces
  7225 | D:7      | Found a transporter.
  7245 | D:7      | Found a transporter.
  7245 | D:7      | Noticed MackTheKnife's ghost (novice OpBe)
  7301 | D:7      | Found a burning altar of Makhleb.
  7638 | D:8      | Reached skill level 1 in Evocations
  7770 | D:8      | Reached skill level 10 in Dodging
  7886 | D:8      | Reached XP level 10. HP: 40/47 MP: 12/12
  7892 | D:8      | Noticed a two-headed ogre
  7901 | D:8      | Killed a two-headed ogre
  7901 | D:8      | Reached skill level 11 in Dodging
  7971 | D:8      | Found a shattered altar of Ashenzari.
  8031 | D:8      | Found an opulent altar of Gozag.
  8121 | D:8      | Found Lorch's Antique Weapon Shoppe.
  8478 | D:9      | Found a staircase to the Lair.
  8696 | D:9      | Noticed Maggie
  8702 | D:9      | Noticed Grum
  8719 | D:9      | Killed Maggie
  8723 | D:9      | Killed Grum
  9206 | D:9      | Found a glowing silver altar of Zin.
  9261 | D:10     | Entered Level 10 of the Dungeon
  9263 | D:10     | Reached skill level 12 in Dodging
  9344 | D:10     | Found a runed translucent door.
  9353 | D:10     | Found a runed translucent door.
  9363 | D:10     | Found a runed translucent door.
  9377 | D:10     | Noticed an unseen horror
  9387 | D:10     | Reached skill level 5 in Evocations
  9422 | D:10     | Killed an unseen horror
  9422 | D:10     | Reached skill level 10 in Stealth
  9438 | D:10     | Found a roughly hewn altar of Beogh.
  9438 | D:10     | Found a staircase to the Orcish Mines.
 10046 | D:10     | Noticed an orc knight
 10058 | D:10     | Killed an orc knight
 10058 | D:10     | Reached XP level 11. HP: 8/52 MP: 15/15
 10330 | D:10     | HP: 1/78 [orc warrior/+0 mace (19)]
 10937 | D:10     | Noticed a two-headed ogre
 10947 | D:10     | Killed a two-headed ogre
 11040 | D:10     | Found a runed translucent door.
 11091 | D:11     | Noticed a purple ugly thing
 11098 | D:11     | Killed a purple ugly thing
 11161 | D:11     | Noticed a green ugly thing
 11167 | D:11     | Killed a green ugly thing
 11315 | D:11     | Found an ancient bone altar of Kikubaaqudgha.
 11317 | D:11     | Noticed Snorg
 11318 | D:11     | Noticed Erolcha
 11327 | D:11     | Killed Snorg
 11327 | D:11     | Reached skill level 10 in Fighting
 11327 | D:11     | Reached skill level 10 in Unarmed Combat
 11538 | D:11     | Killed Erolcha
 11538 | D:11     | Reached ***** piety under Trog
 11670 | D:11     | Noticed an unseen horror
 11680 | D:11     | Killed an unseen horror
 11767 | D:11     | Found a transporter.
 11771 | D:11     | Found a transporter.
 12284 | D:11     | Noticed Stelteck's ghost (journeyman DrCj)
 12744 | D:12     | Reached skill level 13 in Dodging
 12836 | D:12     | Gained mutation: Your thick and shaggy fur keeps you warm.
                  | (AC +3, rC+) [Felid growth]
 12836 | D:12     | Reached XP level 12. HP: 59/59 MP: 16/16
 14448 | D:12     | Reached skill level 14 in Dodging
 15005 | Lair:1   | Entered Level 1 of the Lair of Beasts
 16543 | Lair:2   | Found a staircase to the Shoals.
 16891 | Lair:2   | Noticed Fannar
 16898 | Lair:2   | Killed Fannar
 17297 | Lair:3   | Reached XP level 13. HP: 61/64 MP: 17/17
 17390 | Lair:3   | Noticed Urug
 17393 | Lair:3   | Killed Urug
 17446 | Lair:3   | Found a staircase to the Snake Pit.
 17781 | Lair:3   | Reached skill level 15 in Dodging
 18606 | Lair:4   | Found a runed translucent gate.
 18607 | Lair:4   | Found a runed translucent gate.
 18608 | Lair:4   | Found a runed translucent gate.
 18608 | Lair:4   | Noticed DrMuscles's ghost (journeyman MiBe)
 19170 | Lair:4   | Upgraded the game from 0.25-a0-780-g622e69b31f to
                  | 0.25-a0-781-gc44aebf4fe
 20494 | Lair:5   | Found a snail-covered altar of Cheibriados.
 20510 | Lair:5   | Slain by a torpor snail
 20511 | Lair:5   | Reached XP level 12. HP: -2/63 MP: 16/16
 20776 | Lair:5   | Noticed an eight-headed hydra
 20783 | Lair:5   | Killed an eight-headed hydra
 21186 | Lair:6   | Entered Level 6 of the Lair of Beasts
 21651 | Lair:6   | Noticed a catoblepas
 21654 | Lair:6   | Noticed a death yak
 21666 | Lair:6   | Killed a catoblepas
 21666 | Lair:6   | Reached XP level 13. HP: 47/67 MP: 17/17
 23128 | Lair:6   | Found a viscous altar of Jiyva.
 23139 | Lair:6   | Found a staircase to the Slime Pits.
 24853 | D:13     | Reached skill level 15 in Unarmed Combat
 24874 | D:13     | Reached ****** piety under Trog
 24876 | D:13     | Reached skill level 15 in Fighting
 25114 | D:12     | Reached XP level 14. HP: 51/73 MP: 19/19
 25975 | D:13     | Found a gate to the Vaults.
 26072 | D:13     | Found a transporter.
 26132 | D:13     | Noticed Frances
 26148 | D:13     | Killed Frances
 26238 | D:13     | Found a transporter.
 26512 | D:14     | Noticed Josephine
 26522 | D:14     | Killed Josephine
 26522 | D:14     | Reached skill level 16 in Dodging
 27237 | D:14     | Found a sacrificial altar of Ru.
 27459 | D:15     | Entered Level 15 of the Dungeon
 27979 | D:15     | Reached skill level 17 in Dodging
 28300 | D:15     | Found a staircase to the Depths.
 28312 | D:15     | Reached skill level 10 in Evocations
 28312 | D:15     | Reached XP level 15. HP: 77/77 MP: 23/23
 29201 | Orc:1    | Entered Level 1 of the Orcish Mines
 29205 | Orc:1    | Found a shimmering altar of Xom.
 29438 | Orc:2    | Entered Level 2 of the Orcish Mines
 30124 | Orc:1    | Reached skill level 18 in Dodging
 30350 | Orc:2    | Found a staircase to the Elven Halls.
 31082 | Orc:2    | Found a roughly hewn altar of Beogh.
 31158 | Orc:2    | Noticed Nessos
 31200 | Orc:2    | Shot with an arrow by Nessos
 31201 | Orc:2    | Reached XP level 14. HP: -1/73 MP: 22/22
 31411 | Orc:2    | Found Plog's Antique Weapon Boutique.
 31490 | Orc:2    | Noticed Saint Roka
 31535 | Orc:1    | HP: 4/109 [orc warrior/+1 vorpal long sword[an orc warlord]
                  | (27)]
 31535 | Orc:1    | HP: 1/109 [orc warrior/+1 vorpal long sword[an orc warlord]
                  | (3)]
 31537 | Orc:1    | Noticed an orc warlord
 31552 | Orc:1    | HP: 3/73 [orc priest/divine providence (9)]
 31641 | Orc:1    | Killed an orc warlord
 31641 | Orc:1    | Reached skill level 19 in Dodging
 31877 | Orc:1    | Found an iron altar of Okawaru.
 32462 | Orc:2    | Found Genew's Distillery.
 32462 | Orc:2    | Found Japurch's Book Boutique.
 32463 | Orc:2    | Found Pean's Distillery.
 32466 | Orc:2    | Found Noherob's Assorted Antiques.
 32489 | Orc:2    | Bought a potion of lignification for 45 gold pieces
 32489 | Orc:2    | Bought a potion of heal wounds for 75 gold pieces
 32493 | Orc:2    | Bought a potion of mutation for 96 gold pieces
 32493 | Orc:2    | Bought a potion of curing for 36 gold pieces
 32493 | Orc:2    | Bought a potion of curing for 36 gold pieces
 32493 | Orc:2    | Bought 2 potions of might for 96 gold pieces
 32493 | Orc:2    | Bought a potion of curing for 36 gold pieces
 32493 | Orc:2    | Bought a potion of curing for 36 gold pieces
 32493 | Orc:2    | Bought a potion of haste for 120 gold pieces
 32493 | Orc:2    | Bought a potion of ambrosia for 96 gold pieces
 32493 | Orc:2    | Bought a potion of invisibility for 96 gold pieces
 32493 | Orc:2    | Bought a potion of heal wounds for 60 gold pieces
 32497 | Orc:2    | Bought a potion of curing for 45 gold pieces
 32497 | Orc:2    | Bought a potion of might for 60 gold pieces
 32497 | Orc:2    | Bought a potion of curing for 45 gold pieces
 32497 | Orc:2    | Bought a potion of stabbing for 60 gold pieces
 32978 | Orc:1    | HP: 3/109 [orc[Saint Roka] (7)]
 32978 | Orc:1    | Killed from afar by Saint Roka
 32979 | Orc:1    | Reached XP level 13. HP: -7/103 MP: 21/21
 33024 | Orc:1    | HP: 1/69 [Saint Roka/+7 broad axe of electrocution (19)]
 33025 | Orc:1    | Killed Saint Roka
 33285 | Orc:2    | Killed Nessos
 33700 | Snake:1  | Entered Level 1 of the Snake Pit
 34023 | Snake:1  | Noticed Jorgrun
 34030 | Snake:1  | Killed Jorgrun
 34030 | Snake:1  | Reached skill level 20 in Dodging
 34477 | Snake:1  | Reached XP level 14. HP: 9/73 MP: 22/22
 34590 | Snake:1  | Mangled by a black mamba

Levels and vault maps discovered:
D:1:      lemuel_arrival_rhombus, layout_loops_corners
D:2:      layout_rooms, lemuel_altar_in_water
D:3:      layout_basic, grunt_temple_overflow_open, interstate_on_off
D:4:      layout_rooms, kennysheep_mini, minmay_ruptured, uniq_menkaure,
          uniq_pikel
D:5:      layout_loops_ring, first_ration
D:6:      layout_gridville, vehumet_crystals, xom_teletrap_fun,
          uniq_crazy_yiuf_cottage
D:7:      lemuel_ice_spiral_2, layout_rooms, nicolae_overflow_hidden_temple,
          minmay_temple_entry_junction, serial_shops, shop, gammafunk_ghost_hive
D:8:      layout_loops_ring, old_standard_altar, evilmike_ruin_ashenzari,
          serial_shops, shop_statue
D:9:      layout_irregular_city, lemuel_coloured_pillars_altar,
          lair_entry_dummy, uniq_grum, uniq_maggie
D:10:     layout_rooms, david_orc_5, blue_anna_alchemist
          [blue_anna_fruit_fields, blue_anna_fruit_fields],
          minmay_statue_crystal_thing
D:11:     statuecave_lemuel, layout_basic, basic_altar, gammafunk_ghost_hive,
          grunt_ministairs_10, uniq_snorg, uniq_erolcha
D:12:     minmay_the_grid_triangle_9x9_recursive_2_mashed
          [minmay_the_grid_triangle_9x9_prize_insulated,
          minmay_the_grid_triangle_9x9_odd_lines,
          minmay_the_grid_triangle_9x9_pentomino_pain,
          minmay_the_grid_triangle_9x9_thin_v], layout_basic
D:13:     gammafunk_dig_for_victory, layout_long_grid,
          lightli_vaults_fourway_checkpoint, hex_tiny, uniq_frances
D:14:     layout_loops_ring, nicolae_ru_sacrificial_ziggurat,
          hangedman_corner_corridor, uniq_josephine
D:15:     grunt_enter_depths_magical_seal, layout_basic, minmay_misc_feat_alley
Lair:1:   layout_cave_pods, serial_bayou_pond_b, minmay_shattered_shrine
Lair:2:   layout_regular_city, minmay_shoals_entry_centaurs, grunt_megastairs_3,
          lemuel_fruit_fields, uniq_fannar
Lair:3:   layout_cave_pods, minmay_snake_entry_guardpost_small, uniq_urug
Lair:4:   layout_cave_pods, ebering_ghost_rock_garden, grunt_megastairs_4
Lair:5:   layout_misc_corridors, kennysheep_snail_temple, lemuel_fruit_tree,
          lemuel_fruit_fields, serial_bayou_shore_b
Lair:6:   evilmike_catoblepas_cave, layout_gridlike, slime_altar_1
Snake:1:  layout_concentric_octagons, uniq_nikola, uniq_jorgrun
Orc:1:    layout_diamond_mine, basic_altar, okawaru_metal_pillars_1_2
Orc:2:    st_orc_mages, layout_caves, serial_shops, shop,
          nicolae_orc_stony_grotto, mines1_david, uniq_saint_roka, uniq_nessos

Skill      XL: |  1  2  3  4  5  6  7  8  9 10 11 12 13 14 15 |
---------------+----------------------------------------------+-----
Fighting       | 4 5 6 7 8 10 12 15 | 15.0
Stealth        | 2 6 7 8 9 10 | 10.0
Unarmed Combat | 5 6 7 9 10 12 15 | 15.0
Dodging        | 5 8 10 12 13 14 20 19 18 | 20.2
Evocations     | 2 5 10 | 10.0

Action                   |  1- 3 |  4- 6 |  7- 9 | 10-12 | 13-15 || total
-------------------------+-------+-------+-------+-------+-------++-------
Melee: Unarmed           |   118 |   141 |   316 |   775 |  1497 ||  2847
       Bite              |     6 |    10 |    35 |    85 |   193 ||   329
       Punch             |     1 |     3 |    11 |    47 |   120 ||   182
Invok: Berserk           |     4 |     6 |    16 |    26 |    50 ||   102
       Trog's Hand       |       |     1 |     4 |    12 |    27 ||    44
       Brothers in Arms  |       |       |       |     2 |     4 ||     6
Evoke: Wand              |       |       |       |    10 |     9 ||    19
  Use: Scroll            |       |       |    14 |    13 |     5 ||    32
       Potion            |       |       |       |     4 |     5 ||     9
 Stab: Sleeping          |       |     2 |    14 |    44 |    40 ||   100
       Distracted        |       |       |     1 |    11 |     9 ||    21
       Invisible         |       |       |       |       |     2 ||     2
       Petrifying        |       |       |       |       |     1 ||     1
       Petrified         |       |       |       |       |     1 ||     1
  Eat: Chunk             |    12 |     8 |    25 |    63 |    93 ||   201
       Ration            |       |       |       |       |     1 ||     1
Armor: Skin              |     5 |     2 |     5 |    10 |    20 ||    42
Dodge: Dodged            |   107 |    87 |   262 |   780 |  1424 ||  2660

Table legend:
 A = Non-vault XP
 B = Vault XP
 C = Vault XP percentage of total XP
 D = Non-vault monster count
 E = Vault monster count
 F = Vault count percentage of total count
                 A         B        C        D         E       F
            +---------+---------+-------+---------+---------+-------
      Total |   94534 |   65153 |  40.8 |     651 |     213 |  24.7
            +---------+---------+-------+---------+---------+-------
        D:1 |      57 |       0 |   0.0 |      28 |       0 |   0.0
        D:2 |      44 |       0 |   0.0 |      16 |       0 |   0.0
        D:3 |     177 |       0 |   0.0 |      43 |       0 |   0.0
        D:4 |     192 |     696 |  78.4 |       7 |       4 |  36.4
        D:5 |     806 |       0 |   0.0 |      19 |       0 |   0.0
        D:6 |    1026 |      37 |   3.5 |      18 |       1 |   5.3
        D:7 |    1265 |       0 |   0.0 |      33 |       0 |   0.0
        D:8 |    2537 |       0 |   0.0 |      33 |       0 |   0.0
        D:9 |     934 |     726 |  43.7 |      18 |      13 |  41.9
       D:10 |    3080 |    1206 |  28.1 |      27 |      16 |  37.2
       D:11 |    4036 |    3341 |  45.3 |      25 |       4 |  13.8
       D:12 |    5560 |    7984 |  58.9 |      40 |      23 |  36.5
       D:13 |    6267 |    5052 |  44.6 |      39 |       9 |  18.8
       D:14 |   10248 |    5362 |  34.3 |      47 |      13 |  21.7
       D:15 |    9933 |    6072 |  37.9 |      30 |      11 |  26.8
     Lair:1 |    2104 |    2784 |  57.0 |      12 |      13 |  52.0
     Lair:2 |     502 |    2095 |  80.7 |       4 |       8 |  66.7
     Lair:3 |    2215 |    1476 |  40.0 |      12 |       5 |  29.4
     Lair:4 |    7144 |    1570 |  18.0 |      25 |       9 |  26.5
     Lair:5 |    8089 |     856 |   9.6 |      22 |       2 |   8.3
     Lair:6 |   11884 |   11017 |  48.1 |      44 |      23 |  34.3
    Snake:1 |    6122 |    2822 |  31.6 |      10 |       1 |   9.1
      Orc:1 |    6801 |    6771 |  49.9 |      71 |      30 |  29.7
      Orc:2 |    3511 |    5286 |  60.1 |      28 |      28 |  50.0
            +---------+---------+-------+---------+---------+-------
